 Dungeon Sprint DCSS version 0.31-a0-672-g7da72447bb (webtiles) character file.

Game seed: 9855333371450353829

422 dialectric the Fighter (level 6, -1/72 HPs)
             Began as a Gargoyle Berserker on Sept 5, 2023.
             Was a Believer of Trog.
             Slain by Sonja
             ... wielding a +1 short sword of distortion
              (22 damage)
             ... in the Dungeon (Sprint I: "Red Sonja").
             The game lasted 00:01:23 (208 turns).

dialectric the Fighter (Gargoyle Berserker)          Turns: 208, Time: 00:01:25

Health: -1/72      AC: 23    Str: 20    XL:     6   Next: 95%
Magic:  6/6        EV:  2    Int:  8    God:    Trog [**....]
Gold:   297        SH:  0    Dex: 11    Spells: 5/5 levels left

rFire   . . .        a - +0 mace
rCold   . . .        (no shield)
rNeg    + . .        k - melded +0 ring mail
rPois   ∞            (helmet currently unavailable)
rElec   .            (cloak currently unavailable)
rCorr   .            (gloves currently unavailable)
SInv    .            (boots currently unavailable)
Will    .....        (no amulet)
Stlth   +            (no ring)
HPRegen 0.32/turn    (no ring)
MPRegen 0.10/turn

%: no teleportation
@: tree-form, on berserk cooldown, slowed, very slow
A: stationary, stasis, torment immunity, boosted hp, sickness immunity, AC +4,
negative energy resistance 1, (electricity resistance), torment resistance 1,
petrification resistance
a: Renounce Religion, Berserk, Trog's Hand


You were in the Dungeon.
You worshipped Trog.
Trog was pleased with you.
You were a tree.
You visited 1 branch You collected 297 gold pieces.

Inventory:

Hand Weapons
 a - a +0 mace (weapon)
 j - a +2 dagger of draining
Armour
 b - a +0 animal skin
 k - a +0 ring mail (melded)
Wands
 i - a wand of flame (23)
Scrolls
 h - a scroll of blinking
 l - a scroll of poison {unknown}
 m - a scroll of summoning {unknown}
Potions
 c - a potion of curing
 d - a potion of attraction {unknown}
 e - a potion of haste
 f - 2 potions of magic
 g - a potion of berserk rage


   Skills:
 + Level 10.2 Fighting
 - Level 1.2 Short Blades
 + Level 9.0 Maces & Flails
 + Level 5.7 Armour
 * Level 4.7 Dodging
 + Level 0.3 Evocations


You had 5 spell levels left.
You didn't know any spells.
Your spell library was empty.

Dungeon Overview and Level Annotations

Branches:
Dungeon (1/1)

Altars:
Cheibriados
Dithmenos
Elyvilon
Fedhas
Gozag
Hepliaklqana
Kikubaaqudgha
Nemelex Xobeh
Okawaru
Qazlal
Ru
Sif Muna
Trog
Uskayaw
Vehumet
Wu Jian
Yredelemnul
Zin
The Shining One

Shops:
D *

Annotations:
D Sonja


Innate Abilities, Weirdness & Mutations

You are a tree.
Your roots penetrate the ground, keeping you stationary.
You cannot be teleported.
You are immune to unholy pain and torment.
Your maximum health is greatly increased.
Your equipment is partially melded.
You are immune to sickness and miasma.
((Your stone body is resilient. (AC +4)))
You are immune to poison.
You resist negative energy. (rN+)
((You are resistant to electric shocks. (rElec)))
You are resistant to unholy torment.
You are immune to petrification.


Message History

You recover from your berserk rage.
HP restored.
There is an open door, spattered with blood here.
You see here a yak corpse.
There is a radiant altar of Vehumet here.
You open the door.
Sonja, the Graceful Assassin comes into view.
She is wielding a +1 short sword of distortion, quivering curare-tipped darts and carrying a wand of polymorph.
Sonja shouts!
Found 108 gold pieces.
You close the door.
Sonja opens the door.
A red film seems to cover your vision as you go berserk!
You feel yourself moving faster!
You feel mighty!
Sonja gestures wildly while chanting.
Sonja blinks!
You feel a strong urge to attack something.
Sonja throws a curare-tipped dart.
The curare-tipped dart hits you.
You miss Sonja.
Sonja zaps a wand.
You resist with some effort.
You miss Sonja. Your punch misses Sonja. You closely miss Sonja.
Sonja hits you with a +1 short sword of distortion.
Sonja hits you but does no damage. Sonja misses you.
You completely miss Sonja. Sonja barely misses you.
Sonja hits you with a +1 short sword of distortion.
Space warps horribly around you! Sonja hits you but does no damage.
You miss Sonja. Sonja completely misses you.
Sonja hits you with a +1 short sword of distortion.
Sonja hits you but does no damage. Space warps around you.
You miss Sonja.
You are no longer berserk.
You are exhausted.
You feel yourself slow down.
Sonja zaps a wand.
You turn into a tree.
Your +0 ring mail melds into your body.
Your roots penetrate the ground.
You completely miss Sonja.
Sonja hits you with a +1 short sword of distortion.
Space warps horribly around you! Sonja hits you but does no damage. x2
Space warps around you. Sonja hits you but does no damage.
Space warps around you.
* * * LOW HITPOINT WARNING * * *
Sonja hits you but does no damage. Space warps horribly around you!!
You die...

################
#<.#..').#.)'..#
#..†..#..'..#..+
#..#####'#####'#
#..####..#...#.#
#..#__####..##K#
#..#_____##'#_♣+
#⌠⌠#_.∩...†..._#
####_..__##_.#'#
#_____###'#.#
####### #§###
$.$ $.$ ##.##
#+#


You could see Sonja.

Vanquished Creatures
  Sigmund (D)
  A yak (D)
  An ogre (D)
  A jelly (D)
  Ijyb (D)
5 creatures vanquished.

Notes
Turn   | Place    | Note
-------+----------+-------------------------------------------
     0 | D        | dialectric the Gargoyle Berserker began the quest for the
                  | Orb.
     0 | D        | Reached XP level 1. HP: 14/14 MP: 1/1
     1 | D        | Noticed Ijyb
     8 | D        | Killed Ijyb
     9 | D        | Reached skill level 5 in Fighting
     9 | D        | Reached XP level 2. HP: 10/21 MP: 2/2
     9 | D        | Reached XP level 3. HP: 13/26 MP: 3/3
    48 | D        | Noticed an ogre
    57 | D        | Killed an ogre
    58 | D        | Reached skill level 6 in Fighting
    58 | D        | Reached skill level 1 in Short Blades
    58 | D        | Reached XP level 4. HP: 21/32 MP: 4/4
    69 | D        | Noticed Sigmund
    84 | D        | Killed Sigmund
    84 | D        | Reached ** piety under Trog
    85 | D        | Reached skill level 9 in Fighting
    85 | D        | Reached skill level 5 in Armour
    85 | D        | Reached XP level 5. HP: 30/41 MP: 5/5
    85 | D        | Reached XP level 6. HP: 34/46 MP: 6/6
    96 | D        | Found a shimmering blue altar of Sif Muna.
    97 | D        | Found an ornate altar of the Wu Jian Council.
    98 | D        | Found a radiant altar of Vehumet.
   102 | D        | HP: 1/46 [acid (9)]
   154 | D        | Found Riuwurre's Assorted Antiques.
   154 | D        | Found an ancient bone altar of Kikubaaqudgha.
   154 | D        | Found a hazy altar of Hepliaklqana.
   154 | D        | Found a stormy altar of Qazlal.
   154 | D        | Found a hide-covered altar of Uskayaw.
   154 | D        | Found a blossoming altar of Fedhas.
   154 | D        | Found a bloodstained altar of Trog.
   154 | D        | Found an iron altar of Okawaru.
   154 | D        | Found a basalt altar of Yredelemnul.
   154 | D        | Found a glowing golden altar of the Shining One.
   154 | D        | Found a snail-covered altar of Cheibriados.
   154 | D        | Found a sacrificial altar of Ru.
   154 | D        | Found a glowing silver altar of Zin.
   154 | D        | Found a shadowy altar of Dithmenos.
   154 | D        | Found a white marble altar of Elyvilon.
   154 | D        | Noticed a yak
   161 | D        | Killed a yak
   162 | D        | Reached skill level 10 in Fighting
   162 | D        | Found an opulent altar of Gozag.
   163 | D        | Found a sparkling altar of Nemelex Xobeh.
   197 | D        | Noticed Sonja
   208 | D        | Slain by Sonja

Illustrated notes

Levels and vault maps discovered:
D:        dungeon_sprint_1 [red_sonja_temple_1, red_sonja_temple_small_1]

Skill      XL: |  1  2  3  4  5  6 |
---------------+-------------------+-----
Fighting       | 5 6 9 10 | 10.2
Maces & Flails | 4 6 8 9 |  9.0
Dodging        | 2 3 4 |  4.7
Short Blades   | 1 |  1.2
Armour         | 3 5 |  5.7
Evocations     | |  0.3

Action                     |  1- 3 |  4- 6 || total
---------------------------+-------+-------++-------
  Melee: Mace              |     6 |    13 ||    19
         Dagger            |     8 |    17 ||    25
         Punch             |       |     1 ||     1
 Invoke: Berserk           |     1 |     2 ||     3
  Evoke: Wand              |       |     2 ||     2
    Use: Potion            |       |     1 ||     1
 Armour: Animal skin       |     3 |       ||     3
         Ring mail         |     1 |    16 ||    17
         Skin              |       |     5 ||     5
  Dodge: Dodged            |     6 |    12 ||    18

Table legend: (Time is in decaauts)
 A = Elapsed time spent in this place.
 B = Non-inter-level travel time spent in this place.
 C = Inter-level travel time spent in this place.
 D = Time resting spent in this place.
 E = Time spent auto-exploring this place.
 F = Levels seen in this place.
 G = Mean time per level.
                   A        B        C        D        E       F      G
               +--------+--------+--------+--------+--------+-----+--------+
         Total |    222 |    222 |      0 |     46 |     37 |   1 |  222.0 |
       Dungeon |    222 |    222 |      0 |     46 |     37 |   1 |  222.0 |
               +--------+--------+--------+--------+--------+-----+--------+

Top non-repeatable levels by time:
       D: 222 daAuts
